 Dungeon Crawl Stone Soup version 0.28.0-53-g5a82cb258f (webtiles) character file.

Game seed: 14230657806142602407

0 Zeld the Gusty (level 1, -2/10 HPs)
             Began as a Tengu Air Elementalist on June 14, 2022.
             Slain by an endoplasm (3 damage)
             ... on level 1 of the Dungeon.
             The game lasted 00:03:03 (82 turns).

Zeld the Gusty (Tengu Air Elementalist)               Turns: 82, Time: 00:03:03

Health: -2/10      AC:  2    Str:  8    XL:     1   Next: 10%
Magic:  1/4        EV: 12    Int: 15    God:
Gold:   0          SH:  0    Dex: 14    Spells: 3/4 levels left

rFire   . . .      SeeInvis .   (no weapon)
rCold   . . .      Faith    .   (no shield)
rNeg    . . .      Spirit   .   a - +0 robe
rPois   .          Reflect  .   (helmet restricted)
rElec   .          Harm     .   (no cloak)
rCorr   .          Rampage  .   (no gloves)
Will    .....                   (boots unavailable)
Stlth   ++........              (no amulet)
HPRegen 0.03/turn               (no ring)
MPRegen 0.09/turn               (no ring)

@: no status effects
A: beak, talons 3
a: no special abilities


You were on level 1 of the Dungeon.
You visited 1 branch of the dungeon, and saw 1 of its levels.

Inventory:

Armour
 a - a +0 robe (worn)


   Skills:
 + Level 2.2 Dodging
 + Level 2.0 Stealth
 + Level 2.0 Spellcasting
 + Level 1.4 Conjurations
 + Level 4.0 Air Magic


You had 3 spell levels left.
You knew the following spells:

 Your Spells              Type           Power      Damage    Failure   Level
a - Shock                 Conj/Air       36%        1d5       8%          1

Your spell library contained the following spells:

 Spells                   Type           Power      Damage    Failure   Level
 Static Discharge         Conj/Air       9%         N/A       11%         2
 Swiftness                Air            13%        N/A       13%         3
 Airstrike                Air            6%         N/A       38%         4


Dungeon Overview and Level Annotations

Branches:
Dungeon (1/15)

Altars:


Innate Abilities, Weirdness & Mutations

You have a beak for a mouth.
You have claws for feet.


Message History

Confirm with . or Enter, or press ? or * to list all spells.
Aiming: Shock (safe; 8% risk of failure)
Press: ? - help, Shift-Dir - straight line, f/p - kobold
Aim: a kobold, wielding a +0 dagger and quivering stones (moderately wounded, 60% to hit)
You miscast Shock.
You are very lightly contaminated with residual magic.
Nothing appears to happen.
Unknown command.
The kobold throws a stone.
The stone closely misses you.
The kobold throws a stone.
The stone barely misses you.
Your magical contamination has completely faded away.
You start resting.
A kobold is nearby!
A kobold is nearby!
A kobold is nearby!
Casting: Shock (safe; 8% risk of failure)
Confirm with . or Enter, or press ? or * to list all spells.
Aiming: Shock (safe; 8% risk of failure)
Press: ? - help, Shift-Dir - straight line, f/p - kobold
Aim: a kobold, wielding a +0 dagger and quivering stones (moderately wounded, 60% to hit)
You miscast Shock.
You are very lightly contaminated with residual magic.
Nothing appears to happen.
A hobgoblin and an endoplasm come into view.
The kobold throws a stone.
The stone hits you but does no damage.
A bat comes into view.
Your magical contamination has completely faded away.
The hobgoblin shouts!
The endoplasm quivers.
The bat misses you. The hobgoblin misses you. The bat closely misses you.
You miss the bat. Your kick misses the bat. You peck the bat, but do no damage.
The bat hits you. The hobgoblin hits you.
* * * LOW HITPOINT WARNING * * *
Unknown command.
The bat hits you.
* * * LOW HITPOINT WARNING * * *
The hobgoblin barely misses you.
Unknown command.
The endoplasm hits you.
You die...

####### #.....#
#.....# ###### #.....#
#.....
#.....###########K....
#...b@............####
#....J########..###♣♣♣
#...gK# #####..## ....
#####.###.....## ..#
#...#.##### .##
###.#.# #. #.#K# ##.
#K#.# #>. #...# #..


You could see an endoplasm, a hobgoblin, a bat and a kobold.

Vanquished Creatures
  A ball python (D:1)
1 creature vanquished.

Notes
Turn   | Place    | Note
-------+----------+-------------------------------------------
     0 | D:1      | Zeld the Tengu Air Elementalist began the quest for the
                  | Orb.
     0 | D:1      | Reached XP level 1. HP: 10/10 MP: 4/4
    82 | D:1      | Slain by an endoplasm

Illustrated notes

Levels and vault maps discovered:
D:1:      sevenhm_arrival_forest_fort_large_3, layout_rooms,
          minmay_misc_feat_alley, lemuel_another_geyser

Action                   || total
-------------------------++-------
Melee: Unarmed           ||     4
       Kick              ||     1
       Peck              ||     1
 Cast: Shock             ||     3
Armor: Robe              ||     3
Dodge: Dodged            ||    11
